cohdb
Replays
Latest Replays
All Replays
Popular Replays
Top Player Replays
Match Explorer
How It Works
Community
CoH3 Stats
Reddit
Sign in to upload your games and track your stats! →
Sign in with Steam
Match 38446472
Unlisted
Match 38446472
Overview
Messages
Build Orders
End
Construct Section Command Post
Vickers Machine Gun Team
Construct Section Command Post
Royal Engineer Section
Infantry Section
Royal Engineer Section
Construct Platoon Command Post
Selects Air and Sea Battlegroup
Selects Commando Section Paradrop
Commando Section Paradrop
Selects Commando Support Section Paradrop
Commando Support Section Paradrop
Construct Field Infirmary
Selects Supply Surplus
Construct Resource Cache
Construct Company Command Post
Construct Resource Cache
Foot Guards Section
Infantry Training
Selects Centaur Medium Tank
Centaur Medium Tank
CMP 15cwt Truck
Unlock M3 Grant Medium Tanks
M3 Grant Medium Tank
只愛❤毛妹
d5h912
0
0
Comments
sign in to comment!
No comments posted yet!